 Dungeon Crawl Stone Soup version 0.32-a0-12-g7fc57aa741 (webtiles) character file.

Game seed: 16185534122263929278

26023 Ivernyr the Blocker (level 13, -5/108 HPs)
             Began as a Formicid Fighter on Jan 14, 2024.
             Was a High Priest of Wu Jian.
             Killed from afar by a molten gargoyle (23 damage)
             ... with a bolt of magma
             ... in a volcano.
             The game lasted 00:44:50 (14779 turns).

Ivernyr the Blocker (Formicid Fighter)             Turns: 14779, Time: 00:44:50

Health: -5/108     AC: 11    Str: 31    XL:     13   Next: 55%
Magic:  13/13      EV: 11    Int:  9    God:    Wu Jian [*****.]
Gold:   1349       SH:  7    Dex: 13    Spells: 12/12 levels left

rFire   . . .        k - +2 quarterstaff (heavy)
rCold   . . .        c - +0 buckler
rNeg    . . .        b - +0 acid dragon scales
rPois   .            (helmet unavailable)
rElec   .            m - +1 cloak
rCorr   +            (no gloves)
SInv    +            (no boots)
Will    +....        (no amulet)
Stlth   +            o - +6 ring of strength
HPRegen 0.38/turn    K - +4 ring of slaying
MPRegen 0.13/turn

%: no passive effects
@: exhausted
A: permanent stasis, dig shafts and tunnels, antennae 3, four strong arms
a: Dig, Renounce Religion, Wall Jump, Serpent's Lash, Heavenly Storm


You were in a volcano.
You worshipped Wu Jian.
Wu Jian was extremely pleased with you.
You visited 2 branches of the dungeon, and saw 13 of its levels.
You also visited: Volcano.

You collected 1579 gold pieces.
You spent 230 gold pieces at shops.

Inventory:

Hand Weapons
 k - a +2 heavy quarterstaff (weapon)
Armour
 b - +0 acid dragon scales (worn)
 c - a +0 buckler (worn)
 m - a +1 cloak (worn)
Jewellery
 o - a +6 ring of strength (left hand)
 q - a ring of willpower
 D - a ring of poison resistance
 K - a +4 ring of slaying (right hand)
Wands
 h - a wand of mindburst (9)
 p - a wand of paralysis (6)
 t - a wand of flame (13)
 A - a wand of light (13)
 G - a wand of polymorph (11)
 I - a wand of roots (11)
Scrolls
 g - 2 scrolls of enchant armour
 v - 2 scrolls of revelation
 x - a scroll of summoning
 y - 4 scrolls of fear {unknown}
 B - 5 scrolls of fog
 H - 2 scrolls of brand weapon {unknown}
 O - a scroll of enchant weapon {unknown}
Potions
 d - 2 potions of might
 f - a potion of invisibility {unknown}
 i - 5 potions of ambrosia {unknown}
 j - 2 potions of lignification {unknown}
 l - 3 potions of heal wounds {unknown}
 n - a potion of attraction {unknown}
 r - a potion of resistance {unknown}
 u - a potion of cancellation {unknown}
 w - 5 potions of curing
 z - 10 potions of degeneration
 C - a potion of brilliance {unknown}
 E - 2 potions of mutation {unknown}
 J - 2 potions of haste {unknown}
 M - a potion of magic {unknown}
Miscellaneous
 a - a sack of spiders


   Skills:
 + Level 12.0 Fighting
 + Level 10.8 Staves
 + Level 12.0 Armour
 + Level 14.1 Shields
 + Level 7.8 Evocations


You had 12 spell levels left.
You didn't know any spells.
Your spell library contained the following spells:

 Spells                   Type           Power      Damage    Failure   Level
 Apportation              Tloc           0%         N/A       45%         1
 Magic Dart               Conj           0%         1d3       45%         1
 Necrotise                Necr           0%         1d4       45%         1
 Sting                    Conj/Alch      0%         1d3       45%         1
 Summon Small Mammal      Summ           0%         N/A       45%         1
 Call Imp                 Summ           0%         N/A       58%         2
 Scorch                   Fire           0%         2d5       58%         2
 Sublimation of Blood     Necr           0%         N/A       58%         2
 Dazzling Flash           Conj/Hex       0%         N/A       83%         3
 Gell's Gravitas          Tloc           0%         N/A       83%         3
 Inner Flame              Hex/Fire       0%         N/A       83%         3
 Teleport Other           Tloc           0%         N/A       83%         3
 Volatile Blastmotes      Fire/Tloc      0%         2d10      83%         3
 Flame Wave               Conj/Fire      0%         2d4       99%         4
 Ignite Poison            Fire/Alch      0%         N/A       99%         4
 Sticky Flame             Fire/Alch      0%         2d4       99%         4
 Dispersal                Tloc           0%         N/A       100%        6
 Starburst                Conj/Fire      0%         6d3       100%        6
 Summon Cactus Giant      Summ           0%         N/A       100%        6
 Summon Hydra             Summ           0%         N/A       100%        7
 Ignition                 Fire           0%         3d3       100%        8
 Maxwell's Capacitive Co  Air            0%         ∞         100%        8
 Chain Lightning          Conj/Air       0%         N/A       100%        9
 Fire Storm               Conj/Fire      0%         5d1       100%        9
 Shatter                  Erth           0%         3d5*      100%        9
 Blink                    Tloc           Unusable   N/A       N/A         2

Dungeon Overview and Level Annotations

Branches:
Dungeon (12/15)            Temple (0/1) D:7            Lair (1/5) D:11
    Orc (0/2) D:11        Volcano (1/1)

Altars:
Cheibriados
Qazlal
Ru
Sif Muna
Uskayaw
Wu Jian
The Shining One

Shops:
D:4 (   D:10 =:(

Annotations:
D:4 1 runed translucent door


Innate Abilities, Weirdness & Mutations

You cannot be hasted, slowed, berserked, paralysed or teleported.
You can dig through walls and to a lower floor.
You have a pair of large antennae on your head. (SInv)
Your four strong arms can wield two-handed weapons with a shield.


Message History

The molten gargoyle barely misses you.
You completely miss the molten gargoyle.
The molten gargoyle is almost destroyed.
The molten gargoyle hits you with a +0 flail!
You are engulfed in flames!
The molten gargoyle blasts magma at you!
The bolt of magma hits the molten gargoyle!
The molten gargoyle partially resists.
The molten gargoyle is destroyed!
The bolt of magma hits you!!
The molten gargoyle blasts magma at you!
The bolt of magma hits you!
* * * LOW HITPOINT WARNING * * *
You see here a +0 flail.
Unknown command.
Unknown command.
Your muscles tense, ready for explosive movement...
You spin and attack the molten gargoyle, with incredible momentum.
You hit the molten gargoyle but do no damage.
You spin and attack the molten gargoyle, with incredible momentum.
You hit the molten gargoyle.
The molten gargoyle is lightly damaged.
Your supernatural speed expires.
You see here a +0 flail.
You barely miss the molten gargoyle.
The molten gargoyle is lightly damaged.
The molten gargoyle blasts magma at you!
The bolt of magma hits you!
* * * LOW HITPOINT WARNING * * *
Unknown command.
You feel better.
The molten gargoyle blasts magma at you!
The bolt of magma misses you.
There is an open door, spattered with blood here.
The molten gargoyle blasts magma at you!
The bolt of magma misses you.
There is a rocky tunnel leading out of this place here.
The molten gargoyle blasts magma at you!
The bolt of magma hits you!!
You die...

##..##≈≈§..##
##...#≈§§≈...##
#....#○§§≈§≈§.#
#...##≈≈≈≈..#
##.)##≈≈§.§#
###'###'###
##..9......##
##...........##
#....@...∩....#
##....≈≈≈....##
##☼≈≈≈≈≈☼≈≈##
##☼☼≈≈≈☼☼##
#########


You could see a molten gargoyle.

Vanquished Creatures
  Snorg (D:10)
  An ogre mage (D:10)
  A centaur warrior (D:10)
  2 two-headed ogres
  A tengu warrior (D:10)
  Lodul (D:10)
  Pikel (D:9)
  2 deep elf pyromancers (D:10)
  An orc knight (D:10)
  A salamander (shapeshifter) (D:10)
  6 ugly things
  A cyclops (D:10)
  A black mamba (Lair:1)
  A cane toad (Lair:1)
  2 gargoyles
  An unseen horror (D:12)
  2 kobold demonologists (D:12)
  A freezing wraith (D:10)
  A rime drake (D:11)
  A polar bear (D:11)
  4 trolls
  A hornet (D:10)
  The ghost of temujin the Changeling, an amateur HuSh of Gozag (D:4)
  7 slime creatures
  Sigmund (D:3)
  The ghost of iamserjio the Firebug, an amateur TeFE of Sif Muna (D:5)
  A shadow (D:12)
  2 vampires (D:12)
  A water elemental (D:11)
  A wyvern (D:10)
  3 wraiths
  16 yaks
  2 fire elementals (Volcano)
  2 steam dragons
  4 acid dragons
  4 water moccasins
  A black bear (shapeshifter) (D:10)
  8 orc warriors
  2 sky beasts
  A swamp drake (D:11)
  10 ice beasts
  A laughing skull (D:10)
  9 ogres
  2 wolves (D:11)
  14 centaurs
  2 phantoms
  3 kobold brigands
  7 bullfrogs
  A gnoll sergeant (D:7)
  A killer bee (D:10)
  4 howler monkeys
  2 bombardier beetles
  4 hounds
  7 jellies
  8 orc priests
  A gnoll bouda (D:6)
  5 iguanas
  A sleepcap (D:6)
  14 orc wizards
  6 adders
  7 gnolls
  A shadow imp (D:5)
  4 white imps
  4 ufetubi
  4 ribbon worms
  50 orcs
  6 endoplasms
  A giant cockroach (D:4)
  9 goblins
  5 hobgoblins
  2 jackals (D:2)
  4 quokkas
  5 ball pythons
  5 bats
  3 frilled lizards
  14 kobolds
  2 rats
320 creatures vanquished.

Vanquished Creatures (others)
  A molten gargoyle (Volcano)
  An adder (D:6)
2 creatures vanquished.

Grand Total: 322 creatures vanquished

Notes
Turn   | Place    | Note
-------+----------+-------------------------------------------
     0 | D:1      | Ivernyr the Formicid Fighter began the quest for the Orb.
     0 | D:1      | Reached XP level 1. HP: 18/18 MP: 1/1
   315 | D:1      | Reached XP level 2. HP: 24/24 MP: 2/2
   484 | D:1      | Found a faded altar of an unknown god.
   915 | D:2      | Reached XP level 3. HP: 29/29 MP: 3/3
   990 | D:2      | Found an ornate altar of the Wu Jian Council.
  1000 | D:2      | Became a worshipper of the Wu Jian Council
  1214 | D:3      | Noticed a phantom
  1226 | D:3      | Killed a phantom
  1227 | D:3      | Reached XP level 4. HP: 27/37 MP: 4/4
  1227 | D:3      | Reached XP level 5. HP: 31/42 MP: 5/5
  1296 | D:3      | Reached skill level 5 in Shields
  1493 | D:3      | Noticed Sigmund
  1504 | D:3      | Killed Sigmund
  1504 | D:3      | Reached * piety under Wu Jian
  1505 | D:3      | Reached XP level 6. HP: 39/49 MP: 6/6
  1736 | D:3      | Reached XP level 7. HP: 48/55 MP: 7/7
  1924 | D:4      | Found Ywasast's Antique Weapon Shoppe.
  1946 | D:4      | Reached skill level 5 in Armour
  2141 | D:4      | Reached skill level 5 in Fighting
  2141 | D:4      | Reached skill level 6 in Shields
  2277 | D:4      | Found a runed translucent door.
  2278 | D:4      | Noticed temujin's ghost (amateur HuSh)
  2294 | D:4      | Killed temujin's ghost
  2307 | D:4      | Found a runed translucent door.
  2360 | D:4      | Reached XP level 8. HP: 63/63 MP: 8/8
  2816 | D:5      | Entered Level 5 of the Dungeon
  2839 | D:5      | Reached skill level 7 in Shields
  2849 | D:5      | Reached ** piety under Wu Jian
  3143 | D:5      | Reached skill level 5 in Staves
  3434 | D:5      | Found a runed translucent gate.
  3435 | D:5      | Found a runed translucent gate.
  3435 | D:5      | Noticed iamserjio's ghost (amateur TeFE)
  3436 | D:5      | Found a runed translucent gate.
  3468 | D:5      | Killed iamserjio's ghost
  3596 | D:5      | Reached XP level 9. HP: 69/71 MP: 9/9
  3848 | D:5      | Found a sacrificial altar of Ru.
  3989 | D:5      | Reached skill level 8 in Shields
  4744 | D:6      | Found a stormy altar of Qazlal.
  4954 | D:6      | Reached *** piety under Wu Jian
  4984 | D:6      | Reached skill level 9 in Shields
  5141 | D:6      | Reached XP level 10. HP: 41/80 MP: 10/10
  6094 | D:7      | Found a glowing golden altar of the Shining One.
  6094 | D:7      | Found a shimmering blue altar of Sif Muna.
  6117 | D:7      | Reached skill level 10 in Shields
  6333 | D:7      | Found a staircase to the Ecumenical Temple.
  7030 | D:8      | Reached **** piety under Wu Jian
  7066 | D:8      | Found a snail-covered altar of Cheibriados.
  7274 | D:8      | Found a hide-covered altar of Uskayaw.
  7705 | D:9      | Noticed Pikel
  7747 | D:9      | Killed Pikel
  7748 | D:9      | Reached skill level 1 in Evocations
  7748 | D:9      | Reached XP level 11. HP: 20/89 MP: 11/11
  8041 | D:9      | Reached skill level 11 in Shields
  8871 | D:10     | Entered Level 10 of the Dungeon
  8878 | D:10     | Noticed Snorg
  8891 | D:10     | Killed Snorg
  9186 | D:10     | Found Wovecw's Weapon Emporium.
  9195 | D:10     | Bought a +2 heavy quarterstaff for 230 gold pieces
  9489 | D:10     | Noticed a two-headed ogre
  9499 | D:10     | Killed a two-headed ogre
  9550 | D:10     | Noticed a deep elf pyromancer
  9550 | D:10     | Noticed an orc knight
  9576 | D:10     | Killed a deep elf pyromancer
  9611 | D:10     | Reached skill level 10 in Fighting
  9676 | D:10     | Reached skill level 10 in Armour
  9726 | D:10     | Noticed a cyan ugly thing
  9731 | D:10     | Killed an orc knight
  9735 | D:10     | Noticed a red ugly thing
  9744 | D:10     | Killed a cyan ugly thing
  9753 | D:10     | Killed a green ugly thing
  9754 | D:10     | Reached skill level 12 in Shields
 10068 | D:10     | Noticed a cyclops
 10068 | D:10     | Noticed a deep elf pyromancer
 10081 | D:10     | Killed a deep elf pyromancer
 10081 | D:10     | Reached XP level 12. HP: 81/98 MP: 12/12
 10089 | D:10     | Noticed a centaur warrior
 10095 | D:10     | Killed a centaur warrior
 10096 | D:10     | Reached skill level 5 in Evocations
 10103 | D:10     | HP: 1/98 [moth of wrath (shapeshifter) (13)]
 10109 | D:10     | HP: 2/98 [salamander (shapeshifter) (10)]
 10212 | D:10     | Noticed a tengu warrior
 10227 | D:10     | You fall into a shaft and drop 2 floors!
 11389 | D:11     | Reached skill level 13 in Shields
 11502 | D:11     | Found a staircase to the Orcish Mines.
 11541 | D:11     | You fall into a shaft and drop 1 floor!
 11641 | D:12     | Reached skill level 10 in Staves
 12115 | D:11     | Found a staircase to the Lair.
 12294 | D:11     | Reached XP level 13. HP: 104/106 MP: 13/13
 13742 | D:10     | Noticed an ogre mage
 13745 | D:10     | Killed an ogre mage
 13760 | D:10     | Noticed Lodul
 13765 | D:10     | Killed Lodul
 13956 | D:10     | Found Osanna's Book Emporium.
 14090 | D:10     | a cane toad changed into an entropy weaver
 14090 | D:10     | Noticed an entropy weaver (shapeshifter)
 14092 | D:10     | an entropy weaver changed into a shapeshifter
 14099 | D:10     | Found Ynenn's Jewellery Boutique.
 14175 | D:10     | Reached skill level 14 in Shields
 14580 | Lair:1   | Entered Level 1 of the Lair of Beasts
 14688 | Lair:1   | Found a dark tunnel.
 14697 | Volcano  | Entered a volcano
 14704 | Volcano  | Reached ***** piety under Wu Jian
 14779 | Volcano  | Killed from afar by a molten gargoyle

Illustrated notes

Levels and vault maps discovered:
D:1:      dpeg_arrival_tiny_a, layout_loops_ring,
          hellmonk_ecumenical_altar_leap_of_faith, minmay_statues_item,
          minmay_strange_pillars
D:2:      layout_rooms, basic_altar
D:3:      cheibrodos_thug_alley, layout_basic, uniq_sigmund
D:4:      layout_loops_ring, ebering_ghost_sewer_f, serial_shops, shop,
          serial_bayou_lagoon_a, st_stairs_1, nicolae_underground_beach
D:5:      layout_loops_corners, mainiacjoe_overflow_alcove_1,
          gammafunk_ghost_split
D:6:      minmay_polygon_palace, layout_loops_ring,
          nicolae_qazlal_style_of_elements, kennysheep_opposing_triangles
D:7:      layout_loops_ring, gammafunk_temple_overflow_statue,
          minmay_temple_entry_offerings
D:8:      layout_rooms, slow_altar_2, nicolae_uskayaw_suspiria
D:9:      layout_gridville, minmay_holes, uniq_pikel
D:10:     minmay_chambers_of_sevens, layout_layer_cave, serial_shops,
          shop_statue, nicolae_shop_gibbet_a_chance, nicolae_shop_gaudy_bauble,
          minivault_28, uniq_snorg, uniq_lodul
D:11:     layout_basic, hellmonk_lair_entry_icy, erik_orc_1,
          serial_library_hellmonk_open_cross, kennysheep_generic_room_12
D:12:     layout_irregular_city
Lair:1:   layout_chaotic_city, nicolae_volcano_entry_two_sided,
          lemuel_fruit_tree
Volcano:  volcano_aerie

Skill      XL: |  1  2  3  4  5  6  7  8  9 10 11 12 13 |
---------------+----------------------------------------+-----
Fighting       | 4 5 6 7 9 10 11 12 | 12.0
Staves         | 3 4 5 6 8 9 10 | 10.8
Armour         | 4 5 6 7 9 10 11 12 | 12.0
Shields        | 5 6 7 9 10 12 13 14 | 14.1
Evocations     | 1 4 6 7 |  7.8

Action                     |  1- 3 |  4- 6 |  7- 9 | 10-12 | 13-15 || total
---------------------------+-------+-------+-------+-------+-------++-------
  Melee: Quarterstaff      |    92 |    56 |   307 |   566 |   138 ||  1159
 Invoke: Serpent's Lash    |       |       |       |    12 |     3 ||    15
Ability: Lunge             |     2 |     5 |    18 |    32 |     9 ||    66
         Whirlwind         |       |       |     7 |    97 |    17 ||   121
         Dig               |       |       |       |     4 |       ||     4
         Shaft Self        |       |       |       |     2 |       ||     2
  Evoke: Wand              |       |       |       |     2 |     4 ||     6
    Use: Scroll            |       |       |       |     6 |     6 ||    12
         Potion            |       |       |       |     1 |     1 ||     2
   Stab: Confused          |       |       |     1 |       |       ||     1
 Armour: Scale mail        |    69 |    25 |   198 |   129 |       ||   421
         Acid dragon scale |       |       |       |   245 |   104 ||   349
  Dodge: Dodged            |    47 |    10 |   127 |   205 |    58 ||   447
  Block: Buckler           |    19 |     9 |    74 |   170 |    34 ||   306

Table legend: (Time is in decaauts)
 A = Elapsed time spent in this place.
 B = Non-inter-level travel time spent in this place.
 C = Inter-level travel time spent in this place.
 D = Time resting spent in this place.
 E = Time spent auto-exploring this place.
 F = Levels seen in this place.
 G = Mean time per level.
                   A        B        C        D        E       F      G
               +--------+--------+--------+--------+--------+-----+--------+
         Total |  14894 |  14595 |    299 |   4593 |   7353 |  14 | 1063.9 |
       Dungeon |  14693 |  14394 |    299 |   4473 |   7353 |  12 | 1224.4 |
          Lair |    118 |    118 |      0 |     68 |      0 |   1 |  118.0 |
       Volcano |     82 |     82 |      0 |     52 |      0 |   1 |   82.0 |
               +--------+--------+--------+--------+--------+-----+--------+

Top non-repeatable levels by time:
    D:10: 2658 daAuts
    D:11: 1602 daAuts
    D:12: 1520 daAuts
     D:6: 1516 daAuts
     D:5: 1390 daAuts
     D:9: 1323 daAuts
     D:7: 1145 daAuts
     D:4: 946 daAuts
     D:3: 726 daAuts
     D:1: 698 daAuts
     D:8: 670 daAuts
     D:2: 494 daAuts
  Lair:1: 118 daAuts
 Volcano: 82 daAuts
